cohdb
Replays
Latest Replays
All Replays
Popular Replays
Top Player Replays
Match Explorer
How It Works
Community
CoH3 Stats
Reddit
Sign in to upload your games and track your stats! →
Sign in with Steam
Match 44758574
Unlisted
Match 44758574
Overview
Messages
Build Orders
End
Construct Barracks
Riflemen Squad
M1 Mortar Team
Selects Advanced Infantry Battlegroup
Riflemen Squad
Riflemen Squad
Selects Convert to Ranger Squad
Air Support Center
Convert to Ranger Squad
Grasshopper Recon Run
Construct Weapon Support Center
M1918 Browning Automatic Rifles
Selects Frontline Medical Station
Frontline Medical Station
Grasshopper Recon Run
M1919 Machine Gun Team
Bazooka Squad
P-47 Strafing Run
Grasshopper Recon Run
FU
Sil1k
MOMO
lplp4943718
Major-Chaos
CoH3Expert
JangGF
Haohaok
0
0
Comments
sign in to comment!
No comments posted yet!